 Dungeon Crawl Stone Soup version 0.23.2-1-ga50397a6bc (webtiles) character file.

Game seed: 16755190379983769316

255 Foic the Magician (level 6, -3/44 HPs)
             Began as a Gnoll Wizard on May 17, 2019.
             Slain by a gnoll shaman
             ... wielding a cursed -1 club
              (8 damage)
             ... on level 3 of the Dungeon.
             The game lasted 00:15:53 (3417 turns).

Foic the Magician (Gnoll Wizard)                    Turns: 3417, Time: 00:15:54

Health: -3/44      AC:  3    Str: 10    XL:     6   Next: 15%
Magic:  16/16      EV: 14    Int: 22    God:
Gold:   117        SH:  0    Dex: 13    Spells: 12/19 levels left

rFire    . . .     SeeInvis .   u - +1 quarterstaff (speed)
rCold    . . .     Gourm    .   (shield currently unavailable)
rNeg     . . .     Faith    .   v - +0 leather armour
rPois    .         Spirit   .   b - +0 hat
rElec    .         Reflect  .   (no cloak)
rCorr    .         Harm     .   (no gloves)
MR       .....                  (no boots)
Stlth    ++........             t - amulet of regeneration
HPRegen  0.54/turn              (no ring)
MPRegen  0.15/turn              (no ring)

@: no status effects
A: distributed training, fangs 1, strong nose
a: no special abilities


You were on level 3 of the Dungeon.
You were not hungry.

You visited 1 branch of the dungeon, and saw 4 of its levels.

You collected 117 gold pieces.

Inventory:

Hand Weapons
 g - a +0 club
 k - a +0 dagger
 u - a +1 quarterstaff of speed (weapon)
 A - a +0 blowgun
 D - a +0 hunting sling
Missiles
 f - 54 stones (quivered)
 s - 24 sling bullets
 y - 2 poisoned needles
Armour
 a - a +0 robe
 b - a +0 hat (worn)
 n - a cursed +0 scale mail
 v - a +0 leather armour (worn)
Jewellery
 t - an amulet of regeneration (around neck)
Scrolls
 c - 2 scrolls of identify
 h - 2 scrolls of immolation {unknown}
 j - a scroll of amnesia {unknown}
 m - a scroll of magic mapping {unknown}
 o - 3 scrolls of remove curse {unknown}
 p - 2 scrolls of blinking {unknown}
 r - a scroll of fog {unknown}
Potions
 e - a potion of haste {unknown}
 i - a potion of lignification {unknown}
 l - 4 potions of might {unknown}
 q - a potion of brilliance {unknown}
 x - 2 potions of mutation {unknown}
 z - a potion of heal wounds {unknown}
 B - a potion of flight {unknown}
 C - 2 potions of resistance {unknown}
Comestibles
 d - 4 rations
 w - 4 chunks of flesh


   Skills:
 + Level 1.8 Fighting
 + Level 1.8 Short Blades
 + Level 1.8 Long Blades
 + Level 1.8 Axes
 + Level 1.8 Maces & Flails
 + Level 1.8 Polearms
 + Level 1.8 Staves
 + Level 1.8 Slings
 + Level 1.8 Bows
 + Level 1.8 Crossbows
 + Level 1.8 Throwing
 + Level 1.8 Armour
 + Level 4.9 Dodging
 + Level 4.5 Stealth
 + Level 1.8 Shields
 + Level 1.8 Unarmed Combat
 + Level 7.3 Spellcasting
 + Level 2.5 Conjurations
 + Level 1.4 Hexes
 + Level 1.4 Charms
 + Level 2.5 Summonings
 + Level 1.4 Necromancy
 + Level 2.5 Translocations
 + Level 1.4 Transmutations
 + Level 1.4 Fire Magic
 + Level 1.4 Ice Magic
 + Level 1.4 Air Magic
 + Level 1.4 Earth Magic
 + Level 1.4 Poison Magic
 + Level 2.0 Invocations
 + Level 1.8 Evocations


You had 12 spell levels left.
You knew the following spells:

 Your Spells              Type           Power        Failure   Level  Hunger
a - Magic Dart            Conj           ###.         3%          1    None
b - Blink                 Tloc           N/A          5%          2    None
c - Call Imp              Summ           ###.....     5%          2    None
d - Slow                  Hex            ##......     9%          2    None

Your spell library contained the following spells:

 Spells                   Type           Power        Failure   Level  Hunger
 Conjure Flame            Conj/Fire      ###.....     14%         3    None
 Mephitic Cloud           Conj/Pois/Air  ###.....     16%         3    None


Dungeon Overview and Level Annotations

Branches:
Dungeon (4/15)
 Temple: D:4-7

Altars:
Uskayaw
Yredelemnul
Zin


Innate Abilities, Weirdness & Mutations

Your experience applies equally to all skills.
You have very sharp teeth.
Your uncanny sense of smell can sniff out nearby items.


Message History

The adder bites you. The worker ant misses you.
You sock the worker ant!
You kill the worker ant!
Your Invocations skill increases to level 2!
The adder bites you.
You barely miss the gnoll shaman. The adder misses you.
The gnoll shaman invokes the aid of its god against you.
You resist with some effort.
You hit the gnoll shaman but do no damage.
The adder barely misses you. The adder bites you but does no damage.
You hit the gnoll shaman.
The gnoll shaman is moderately wounded.
The gnoll shaman hits you with a cursed -1 club!
* * * LOW HITPOINT WARNING * * *
The adder bites you.
* * * LOW HITPOINT WARNING * * *
You closely miss the gnoll shaman.
The gnoll shaman is moderately wounded.
The gnoll shaman hits you with a cursed -1 club!
You die...

####
#..#..#...#######.......##..
# #..#......# #.#..>...[## #
#.........# #.#..##...## #
##.#.##...# #........... #
#........# ####....##...## #
###...†..# #............##
#### ###...##
#.##.......##.. ...#
#...#####.###.#.#..#### ##.#
#...hg@Sgg# #..........
.#.## #####...#####.#
#..........
....###...........#.#
##...#.....
....................#
#..###....
..#.###...........#.#
#.#.#..... .##.#
###.#....####.# #.........
###.# #.#.........#
####.#.... ..÷.#
#.#....###### #.##### #####
#.#...^# #.#


You could see a gnoll shaman, a hound, 2 gnolls and an adder.

Vanquished Creatures
  2 orc priests
  A worker ant (D:3)
  A gnoll (D:1)
  6 adders
  2 oozes
  2 worms
  A dart slug (D:1)
  2 leopard geckos
  9 orcs
  4 giant cockroaches
  6 goblins
  8 hobgoblins
  6 jackals (D:2)
  9 kobolds
  2 quokkas
  4 ball pythons
  6 bats
  7 frilled lizards
  9 rats
87 creatures vanquished.

Notes
Turn   | Place    | Note
-------+----------+-------------------------------------------
     0 | D:1      | Foic the Gnoll Wizard began the quest for the Orb.
     0 | D:1      | Reached XP level 1. HP: 13/13 MP: 8/8
   266 | D:1      | Reached XP level 2. HP: 19/19 MP: 7/10
   318 | D:1      | Learned a level 2 spell: Blink
   321 | D:1      | Learned a level 2 spell: Call Imp
   324 | D:1      | Learned a level 2 spell: Slow
   795 | D:1      | Reached XP level 3. HP: 25/25 MP: 7/11
  1170 | D:1      | Reached skill level 1 in Invocations
  1269 | D:2      | Reached skill level 1 in Fighting
  1269 | D:2      | Reached skill level 1 in Short Blades
  1269 | D:2      | Reached skill level 1 in Long Blades
  1269 | D:2      | Reached skill level 1 in Axes
  1269 | D:2      | Reached skill level 1 in Maces & Flails
  1269 | D:2      | Reached skill level 1 in Polearms
  1269 | D:2      | Reached skill level 1 in Staves
  1269 | D:2      | Reached skill level 1 in Slings
  1269 | D:2      | Reached skill level 1 in Bows
  1269 | D:2      | Reached skill level 1 in Crossbows
  1269 | D:2      | Reached skill level 1 in Throwing
  1269 | D:2      | Reached skill level 1 in Armour
  1269 | D:2      | Reached skill level 1 in Shields
  1269 | D:2      | Reached skill level 1 in Unarmed Combat
  1269 | D:2      | Reached skill level 1 in Evocations
  1390 | D:2      | Reached XP level 4. HP: 28/32 MP: 8/13
  1709 | D:2      | Reached skill level 1 in Hexes
  1709 | D:2      | Reached skill level 1 in Charms
  1709 | D:2      | Reached skill level 1 in Necromancy
  1709 | D:2      | Reached skill level 1 in Transmutations
  1709 | D:2      | Reached skill level 1 in Fire Magic
  1709 | D:2      | Reached skill level 1 in Ice Magic
  1709 | D:2      | Reached skill level 1 in Air Magic
  1709 | D:2      | Reached skill level 1 in Earth Magic
  1709 | D:2      | Reached skill level 1 in Poison Magic
  1986 | D:2      | Reached XP level 5. HP: 26/37 MP: 5/14
  3211 | D:3      | Reached XP level 6. HP: 44/44 MP: 13/16
  3266 | D:3      | Found a hide-covered altar of Uskayaw.
  3271 | D:3      | Found a basalt altar of Yredelemnul.
  3272 | D:3      | Found a glowing silver altar of Zin.
  3417 | D:3      | Slain by a gnoll shaman

Skill      XL: |  1  2  3  4  5  6 |
---------------+-------------------+-----
Conjurations   | 2 |  2.5
Summonings     | 2 |  2.5
Translocations | 2 |  2.5
Invocations    | 1 2 |  2.0
Fighting       | 1 |  1.8
Short Blades   | 1 |  1.8
Long Blades    | 1 |  1.8
Axes           | 1 |  1.8
Maces & Flails | 1 |  1.8
Polearms       | 1 |  1.8
Staves         | 1 |  1.8
Slings         | 1 |  1.8
Bows           | 1 |  1.8
Crossbows      | 1 |  1.8
Throwing       | 1 |  1.8
Armour         | 1 |  1.8
Shields        | 1 |  1.8
Unarmed Combat | 1 |  1.8
Evocations     | 1 |  1.8
Hexes          | 1 |  1.4
Charms         | 1 |  1.4
Necromancy     | 1 |  1.4
Transmutations | 1 |  1.4
Fire Magic     | 1 |  1.4
Ice Magic      | 1 |  1.4
Air Magic      | 1 |  1.4
Earth Magic    | 1 |  1.4
Poison Magic   | 1 |  1.4
Dodging        | |  4.9
Stealth        | |  4.5
Spellcasting   | |  7.3

Action                   |  1- 3 |  4- 6 || total
-------------------------+-------+-------++-------
Melee: Quarterstaff      |       |    16 ||    16
 Cast: Magic Dart        |    62 |   133 ||   195
       Slow              |     5 |       ||     5
  Use: Scroll            |     1 |     1 ||     2
  Eat: Chunk             |     1 |     6 ||     7
Armor: Robe              |     1 |     3 ||     4
       Leather armour    |       |     6 ||     6
Dodge: Dodged            |     7 |    28 ||    35
